 Dungeon Crawl Stone Soup version 0.23-a0-359-g9beedce (webtiles) character file.

56 lemonriz the Ruffian (level 3, -3/29 HPs)
             Began as a Draconian Transmuter on Oct 23, 2018.
             Slain by a leopard gecko (4 damage)
             ... on level 2 of the Dungeon.
             The game lasted 00:02:41 (1841 turns).

lemonriz the Ruffian (Draconian Transmuter)         Turns: 1841, Time: 00:02:42

Health: -3/29      AC:  2    Str: 12    XL:     3   Next: 69%
Magic:  0/6        EV: 19    Int: 14    God:
Gold:   88         SH:  0    Dex: 16    Spells: 0/6 levels left

rFire    . . .     SeeInvis .     - Unarmed
rCold    + . .     Gourm    .   (shield currently unavailable)
rNeg     . . .     Faith    .   (armour unavailable)
rPois    x         Spirit   .   (helmet currently unavailable)
rElec    .         Reflect  .   (cloak currently unavailable)
rCorr    .         Harm     .   (gloves currently unavailable)
MR       +....                  (boots currently unavailable)
Stlth    +.........             u - amulet of the acrobat
HPRegen  0.09/turn              s - ring of protection from cold
MPRegen  0.10/turn              l - ring of protection from magic

@: spider-form, very slightly contaminated
A: tiny, unfitting armour, AC +5
a: End Transformation


You were on level 2 of the Dungeon.
You were not hungry.
You were a venomous arachnid creature.
You visited 1 branch of the dungeon, and saw 3 of its levels.

You collected 88 gold pieces.

Inventory:

Missiles
 a - 30 arrows
Jewellery
 f - an uncursed ring of resist corrosion
 l - a ring of protection from magic (right front leg)
 s - a ring of protection from cold (left front leg)
 u - an amulet of the acrobat (around neck)
Scrolls
 b - a scroll of blinking {unknown}
 g - 2 scrolls of remove curse
 i - a scroll of fog {unknown}
 j - a scroll of random uselessness {unknown}
 w - a scroll of noise {unknown}
Potions
 d - 3 potions of brilliance
 h - a potion of haste {unknown}
 m - a potion of agility
 n - a potion of heal wounds {unknown}
 o - a potion of might {unknown}
 p - a potion of degeneration {unknown}
 q - a potion of flight {unknown}
 r - a potion of cancellation {unknown}
Comestibles
 c - 3 rations
 v - 6 chunks of flesh


   Skills:
 + Level 2.1 Fighting
 - Level 1.7 Dodging
 + Level 3.4 Unarmed Combat
 - Level 2.0 Spellcasting
 * Level 3.2 Transmutations


You couldn't memorise any spells.
You knew the following spells:

 Your Spells              Type           Power        Failure   Level  Hunger
a - Beastly Appendage     Tmut           ##....       17%         1    ##.....
b - Sticks to Snakes      Tmut           ##......     24%         2    ###....
c - Spider Form           Tmut/Pois      #.........   58%         3    ####...

Your spell library contained the following spells:

 Spells                   Type           Power        Failure   Level  Hunger
 Ice Form                 Ice/Tmut       #.......     90%         4    #####..
 Blade Hands              Tmut           ##........   95%         5    ######.


Dungeon Overview and Level Annotations

Branches:
Dungeon (3/15)

Altars:


Innate Abilities, Weirdness & Mutations

((Your plain brown scales are hard. (AC +5)))
You cannot fit into any form of body armour.
((You are cold-blooded and may be slowed by cold attacks.))


Message History

Ouch! That really hurt!
The leopard gecko bites you.
Casting: Spider Form (slightly dangerous; 36% risk of failure)
Confirm with . or Enter, or press ? or * to list all spells.
You turn into a venomous arachnid creature.
The gnoll hits you!
* * * LOW HITPOINT WARNING * * *
The leopard gecko completely misses you.
The gnoll closely misses you.
You bite the gnoll!
The gnoll is poisoned.
The gnoll is heavily wounded.
The leopard gecko misses you. The gnoll barely misses you.
The gnoll misses you.
You barely miss the gnoll.
The gnoll is severely wounded.
The leopard gecko closely misses you. The gnoll closely misses you.
You hit the gnoll.
The gnoll looks as sick as possible!
The gnoll is almost dead.
The leopard gecko bites you.
You die...

.# ##...##.##.....#.#[..###.###.
.####.....#.##..##.#.###.........
................##.....÷.......<.
###.#........#######.#####.######
#.##....##.# #........#
#.###.#.##.# #######..# #)#
###.##.# #..# #.# #.##.########
#..# #.# #......gslg.# #..#####
#.# ####.######.# #....... #.#
#.# #.######.###### #<########.#
#..÷.....###### #..........#
########....... ############
########


You could see 2 gnolls and a leopard gecko.

Vanquished Creatures
  2 adders (D:2)
  A worm (D:2)
  A dart slug (D:1)
  A leopard gecko (D:2)
  7 bats
  6 hobgoblins
  2 jackals (D:2)
  2 kobolds
  2 quokkas (D:2)
  A ball python (D:1)
  2 goblins (D:1)
  5 rats
32 creatures vanquished.

Notes
Turn   | Place    | Note
-------+----------+-------------------------------------------
     0 | D:1      | lemonriz the Draconian Transmuter began the quest for the
                  | Orb.
     0 | D:1      | Reached XP level 1. HP: 16/16 MP: 3/3
   261 | D:1      | Reached XP level 2. HP: 18/23 MP: 5/5
   279 | D:1      | Learned a level 2 spell: Sticks to Snakes
   906 | D:2      | Reached XP level 3. HP: 15/29 MP: 4/6
   911 | D:2      | Learned a level 3 spell: Spider Form
  1838 | D:2      | HP: 1/29 [gnoll (8)]
  1841 | D:2      | Slain by a leopard gecko

Vault maps used:
D:1:      lemuel_arrival_muddy, minmay_misc_feat_tiny, st_stairs_6,
          minmay_pentomino_o2
D:3:      grunt_gozag_statues, cheibrodos_sewer_entry_drain,
          chequers_ecumenical_altar_simple, guppyfry_early_orc_mine,
          uniq_grinder, uniq_jessica, uniq_sigmund, uniq_natasha, uniq_terence

Skill      XL: |  1  2  3 |
---------------+----------+-----
Fighting       | 2 |  2.1
Transmutations | 3 |  3.2
Dodging        | |  1.7
Unarmed Combat | |  3.4
Spellcasting   | |  2.0

Action                   || total
-------------------------++-------
Melee: Unarmed           ||   131
       Tailslap          ||    12
       Kick              ||     4
 Cast: Beastly Appendage ||     3
       Spider Form       ||     1
  Use: Scroll            ||     7
 Stab: Sleeping          ||     3
  Eat: Chunk             ||     3
Armor: Skin              ||    42
Dodge: Dodged            ||   116

Table legend:
 A = Non-vault XP
 B = Vault XP
 C = Vault XP percentage of total XP
 D = Non-vault monster count
 E = Vault monster count
 F = Vault count percentage of total count
                 A         B        C        D         E       F
            +---------+---------+-------+---------+---------+-------
      Total |      74 |       6 |   7.5 |      29 |       3 |   9.4
            +---------+---------+-------+---------+---------+-------
        D:1 |      16 |       6 |  27.3 |      10 |       3 |  23.1
        D:2 |      57 |       0 |   0.0 |      18 |       0 |   0.0
        D:3 |       1 |       0 |   0.0 |       1 |       0 |   0.0
            +---------+---------+-------+---------+---------+-------
